AoeStats
← TRX

Arabian Desert

510107773Analyzed
1v1 RM · 2d ago on Sep 29, 2026· 19m 54s· 2 players
Game mode
Random Map
Map size
Tiny (2 player)
Population
200
Speed
Normal
Resources
Standard
Victory
Conquest
Starting age
Dark Age
Ending age
Imperial Age
RankedLock teamsTeams togetherTeam positionsShared explorationLock speedFull tech treeHidden civsTurbo modeCheats
Victory
Defeat
🇺🇸 Saxons · United States
1293
+16
🇦🇷 Vikings · Argentina
1288
-16
DoggieNut367
7:02 Loom
9:38 Feudal Age
10:22 Double-Bit Axe
14:49 Horse Collar
21:25 Castle Age
TRX
6:59 Loom
9:13 Feudal Age
9:59 Double-Bit Axe
12:54 Padded Archer Armor
13:14 Fletching
Connection lost

Rejoining the realm…

Still unreachable

The connection could not be restored.

Session expired

The server has moved on; the page needs a fresh start.